 Dungeon Crawl Stone Soup version 0.30-b1-5-g8e6c1be481 (webtiles) character file.

Game seed: 2832065030600428250

103 sizableburger the Trooper (level 4, -2/41 (48) HPs)
             Began as an Ogre Reaver on May 4, 2023.
             Was an Initiate of Okawaru.
             Slain by an iguana (11 damage)
             ... on level 4 of the Dungeon.
             The game lasted 00:06:11 (3322 turns).

sizableburger the Trooper (Ogre Reaver)             Turns: 3322, Time: 00:06:13

HP:   -2/41 (48)    AC:  3    Str: 16    XL:     4   Next: 79%
MP:   7/7           EV:  9    Int: 16    God:    Okawaru [......]
Gold: 120           SH:  5    Dex:  7    Spells: 2/7 levels left

rFire   . . .        a - +0 spear
rCold   . . .        (no shield)
rNeg    . . .        b - +0 robe
rPois   .            (helmet restricted)
rElec   .            (no cloak)
rCorr   .            (gloves unavailable)
SInv    .            (boots unavailable)
Will    .....        o - amulet of reflection
Stlth   +            (no ring)
HPRegen 0.26/turn    (no ring)
MPRegen 0.10/turn

%: reflection
@: heavily drained
A: large, unfitting armour, tough skin 1
a: Renounce Religion


You were on level 4 of the Dungeon.
You worshipped Okawaru.
Okawaru was noncommittal.
You visited 2 branches of the dungeon, and saw 5 of its levels.

You collected 120 gold pieces.

Inventory:

Hand Weapons
 a - a +0 spear (weapon)
Armour
 b - a +0 robe (worn)
Jewellery
 o - an amulet of reflection (around neck)
Scrolls
 c - 4 scrolls of blinking
 d - 2 scrolls of fear
 f - a scroll of teleportation
 j - a scroll of vulnerability
 l - 5 scrolls of identify
 n - a scroll of enchant weapon {unknown}
Potions
 e - 3 potions of heal wounds
 g - a potion of magic
 h - 2 potions of curing
 i - 2 potions of lignification
 k - a potion of brilliance
 m - a potion of invisibility {unknown}
 p - a potion of degeneration {unknown}


   Skills:
 + Level 4.3 Fighting
 + Level 3.9 Polearms
 - Level 1.8 Dodging
 - Level 2.4 Spellcasting
 - Level 3.2 Conjurations
 + Level 0.8 Translocations


You had 2 spell levels left.
You knew the following spells:

 Your Spells              Type           Power      Damage    Failure   Level
a - Kiss of Death         Conj/Necr      28%        2d7       10%         1
b - Momentum Strike       Conj/Tloc      16%        3d8       13%         2
c - Blink                 Tloc           8%         N/A       21%         2

Your spell library contained the following spells:

 Spells                   Type           Power      Damage    Failure   Level
 Lesser Beckoning         Tloc           8%         N/A       21%         2
 Hailstorm                Conj/Ice       7%         3d4       30%         3
 Manifold Assault         Tloc           4%         N/A       80%         4
 Dispersal                Tloc           2%         N/A       100%        6
 Disjunction              Tloc           2%         N/A       100%        8


Dungeon Overview and Level Annotations

Branches:
Dungeon (4/15)             Temple (1/1) D:4

Altars:
Cheibriados
Dithmenos
Elyvilon
Hepliaklqana
Kikubaaqudgha
Nemelex Xobeh
Okawaru
Qazlal
Sif Muna
Trog
Uskayaw
Wu Jian
Xom
Yredelemnul
Zin
The Shining One

Annotations:
D:4 Dowan, Duvessa


Innate Abilities, Weirdness & Mutations

You are too large for most types of armour.
You have tough skin. (AC +1)


Message History

The puff of frost hits you. Duvessa hits you with a +0 short sword.
You hit Duvessa. Your punch misses Duvessa.
Duvessa is lightly wounded.
Duvessa hits you with a +0 short sword! Dowan hits you but does no damage.
The iguana bites you. The hobgoblin hits you.
You hit Duvessa.
Duvessa is moderately wounded.
Duvessa hits you but does no damage.
The iguana bites you but does no damage.
The hobgoblin hits you but does no damage.
Dowan hits you but does no damage. Duvessa hits you with a +0 short sword.
You are too injured to fight recklessly!
You hit Duvessa but do no damage.
Duvessa is moderately wounded.
Duvessa hits you but does no damage. Dowan hits you but does no damage.
The iguana bites you but does no damage.
The hobgoblin hits you but does no damage.
You barely miss Duvessa.
Duvessa is moderately wounded.
Duvessa hits you but does no damage. You block the hobgoblin's attack.
Dowan hits you but does no damage.
The iguana bites you but does no damage.
You hit Duvessa.
Duvessa is moderately wounded.
Duvessa hits you but does no damage. x2; You block the hobgoblin's attack.
Dowan mumbles some strange words.
Dowan blinks!
You block the iguana's attack.
You hit Duvessa but do no damage.
Duvessa is moderately wounded.
Duvessa says, "My weaknesses are his strengths!"
Duvessa completely misses you. You block the hobgoblin's attack.
The iguana bites you but does no damage.
You barely miss Duvessa.
Duvessa is moderately wounded.
You feel less wooden.
Your +0 robe unmelds from your body.
Duvessa hits you with a +0 short sword! The hobgoblin hits you.
* * * LOW HITPOINT WARNING * * *
The iguana bites you!
You die...

##################
.................#
.................#######
.........e.......#... ..
..>...§.......###...# #.
...?..l@......# #.⌠.# #.
......ge......###...###.
!.......................
...............⌠..>..⌠..
........................
..............###...###.
..............# #.⌠.# #.
..(...........###...###.
.................#.....


You could see Duvessa (fast), Dowan, an iguana and a hobgoblin.

Vanquished Creatures
  4 adders
  3 worms
  2 orcs (D:3)
  6 ball pythons
  6 endoplasms
  2 giant cockroaches
  4 goblins
  5 hobgoblins
  3 jackals (D:2)
  4 kobolds
  3 quokkas (D:2)
  6 frilled lizards
  4 rats
52 creatures vanquished.

Notes
Turn   | Place    | Note
-------+----------+-------------------------------------------
     0 | D:1      | sizableburger the Ogre Reaver began the quest for the Orb.
     0 | D:1      | Reached XP level 1. HP: 22/22 MP: 3/3
   353 | D:1      | Reached skill level 3 in Fighting
   426 | D:1      | Reached XP level 2. HP: 30/31 MP: 5/5
  1038 | D:2      | Reached XP level 3. HP: 24/37 MP: 6/6
  1389 | D:2      | Found a faded altar of an unknown god.
  1784 | D:2      | Reached XP level 4. HP: 15/48 MP: 7/7
  1904 | D:2      | Learned a level 2 spell: Momentum Strike
  1907 | D:2      | Learned a level 2 spell: Blink
  2309 | D:3      | Reached skill level 4 in Fighting
  3106 | D:4      | Found a staircase to the Ecumenical Temple.
  3117 | Temple   | Entered the Ecumenical Temple
  3144 | Temple   | Became a worshipper of Warmaster Okawaru
  3299 | D:4      | Noticed Duvessa
  3305 | D:4      | Noticed Dowan
  3322 | D:4      | Slain by an iguana

Illustrated notes

Levels and vault maps discovered:
D:1:      beargit_arrival_greenhouse, layout_basic
D:2:      layout_basic, hellmonk_ecumenical_altar_dog_temple
D:3:      layout_loops_ring
D:4:      layout_basic, minmay_temple_entry_junction,
          ebering_ghost_disaster_area, uniq_robin, uniq_duvessa
Temple:   nicolae_temple_bog_church

Skill      XL: |  1  2  3  4 |
---------------+-------------+-----
Fighting       | 3 4 |  4.3
Conjurations   | 3 |  3.2
Polearms       | |  3.9
Dodging        | |  1.8
Spellcasting   | |  2.4
Translocations | |  0.8

Action                     |  1- 3 |  4- 6 || total
---------------------------+-------+-------++-------
  Melee: Spear             |   186 |   126 ||   312
         Punch             |       |     2 ||     2
   Cast: Kiss of Death     |       |     1 ||     1
         Momentum Strike   |       |     1 ||     1
    Use: Scroll            |       |    11 ||    11
 Armour: Robe              |    46 |    18 ||    64
         Skin              |       |    27 ||    27
  Dodge: Dodged            |    54 |    30 ||    84
  Block: Other             |       |     6 ||     6
